 Dungeon Crawl Stone Soup version 0.15.2 (webtiles) character file.

58 HiobMontag the Skirmisher (level 4, -5/29 HPs)
             Began as a Gargoyle Berserker on Dec 20, 2014.
             Was a Believer of Trog.
             Slain by Sigmund
             ... wielding a +0 scythe of venom
              (7 damage)
             ... on Level 2 of the Dungeon.
             The game lasted 00:04:42 (1126 turns).

HiobMontag the Skirmisher (Gargoyle Berserker)      Turns: 1126, Time: 00:04:42

HP  -5/29        AC 10     Str 21      XL: 4   Next:  1%
MP   4/4         EV  9     Int  8      God: Trog [**....]
Gold 72          SH  0     Dex  9      Spells:  0 memorised,  3 levels left

rFire  . . .     SeeInvis .     a - +0 short sword
rCold  . . .     Clarity  .     f - +0 scale mail
rNeg   + . .     rCorr    .     (no shield)
rPois  +         rRot     +     (no helmet)
rElec  +         Spirit   .     (no cloak)
SustAb .         Warding  .     (no gloves)
rMut   .         Stasis   .     (no boots)
Gourm  .                        (no amulet)
MR     .....                    (no ring)
                                (no ring)

@: confused, exhausted, slowed, very slow, not resistant to hostile
enchantments, extremely unstealthy
A: negative energy resistance 1, electricity resistance, unbreathing,
petrification resistance, rot immunity, AC +3
a: Burn Spellbooks, Berserk, Trog's Hand, Renounce Religion


You were on level 2 of the Dungeon.
You worshipped Trog.
Trog was pleased with you.
You were very hungry.

You visited 1 branch of the dungeon, and saw 2 of its levels.

You collected 72 gold pieces.

Inventory:

Hand weapons
 a - a +0 short sword (weapon)
Missiles
 e - 29 stones (quivered)
Armour
 b - a +0 animal skin
 f - a +0 scale mail (worn)
Comestibles
 c - a bread ration
 j - a meat ration
Scrolls
 d - 2 scrolls of enchant weapon {unknown}
 h - a scroll of immolation {unknown}
 i - 2 scrolls of identify {unknown}
 m - a scroll of magic mapping {unknown}
Potions
 g - a potion of cancellation
 n - a potion of confusion {unknown}


   Skills:
 + Level 4.1 Fighting
 + Level 3.4 Short Blades
 + Level 2.5 Armour
 + Level 1.7 Dodging
 + Level 0.2 Stealth


You had 3 spell levels left.
You didn't know any spells.

Dungeon Overview and Level Annotations

Branches:
Dungeon (2/15)

Altars:
Ashenzari
Makhleb
Xom

Annotations:
D:2 Sigmund


Innate Abilities, Weirdness & Mutations

You are resistant to torment.
You are immune to poison.
Your stone body is very resilient (AC +3).
You resist negative energy.
You are resistant to electric shocks.
You can survive without breathing.
You are immune to petrification.
You are immune to rotting.


Message History

All of the chunks of flesh in your inventory have rotted away.
You barely miss something. Something hits you but does no damage.
You hit something but do no damage. Something hits you but does no damage.
Drink which item? (? for menu, Esc to quit)
You feel much better. Something hits you!
You hit something.
You hear some strange, mumbled words.
Something tries to affect you, but you resist.
Something hits you.
You hit something.
You hear some strange, mumbled words.
You are confused.
Ouch! Something hits you. Something hits you!
* * * LOW HITPOINT WARNING * * *
Something hits you but does no damage.
Ouch! You are feeling very hungry.
Something hits you!
You die...

.......#......#
..........#......+
.............#......#######
..............#............#
............####.####.#####.#
............#_+..#....#
............####.#.##.#
...............#....#.#
...............#@.....#
.........#.....#......#
........##.....#......##
.........+....+...........
#####.####....##.####.####
#............+.........
##'##.........#....(..###
......[...##..........#
......................#


There were no monsters in sight!

Vanquished Creatures
  2 adders (D:2)
  2 worms (D:2)
  A ball python (D:1)
  A bat (D:2)
  A giant cockroach (D:1)
  A goblin (D:1)
  8 hobgoblins
  3 giant newts
  5 kobolds
  A rat (D:1)
25 creatures vanquished.

Notes
Turn   | Place    | Note
--------------------------------------------------------------
     0 | D:1      | HiobMontag, the Gargoyle Berserker, began the quest for the Orb.
     0 | D:1      | Reached XP level 1. HP: 14/14 MP: 1/1
   116 | D:1      | Reached XP level 2. HP: 14/20 MP: 2/2
   513 | D:2      | Reached XP level 3. HP: 24/24 MP: 3/3
   817 | D:2      | Found a shimmering altar of Xom.
   826 | D:2      | Found a burning altar of Makhleb.
   871 | D:2      | Acquired Trog's second power
   882 | D:2      | Reached skill level 4 in Fighting
  1032 | D:2      | Reached XP level 4. HP: 22/29 MP: 4/4
  1043 | D:2      | Found a shattered altar of Ashenzari.
  1075 | D:2      | Noticed Sigmund
  1124 | D:2      | HP: 1/29 [something (8)]
  1126 | D:2      | Slain by Sigmund

Action                   |  1- 3 |  4- 6 || total
-------------------------+-------+-------++-------
Melee: Short sword       |   133 |    22 ||   155
Invok: Berserk           |     2 |     1 ||     3
  Use: Potion            |       |     3 ||     3
  Eat: Chunk             |     2 |     1 ||     3
